 Dungeon Crawl Stone Soup version 0.28.0-43-g3370ac3207 (webtiles) character file.

Game seed: 2409546783771912708

59 zeref the Conjurer (level 3, -4/26 HPs)
             Began as a Demigod Conjurer on Mar 23, 2022.
             Slain by a death knight
             ... wielding a +2 battleaxe of freezing
              (6 damage)
             ... on level 6 of the Dungeon on Mar 24, 2022.
             The game lasted 00:13:55 (1767 turns).

zeref the Conjurer (Demigod Conjurer)               Turns: 1767, Time: 00:13:55

Health: -4/26      AC:  6    Str: 12    XL:     3   Next: 54%
Magic:  8/8        EV: 10    Int: 20    God:
Gold:   95         SH:  0    Dex: 12    Spells: 5/6 levels left

rFire   + . .      SeeInvis .   q - +2 dagger (venom)
rCold   . . .      Faith    .   (no shield)
rNeg    . . .      Spirit   .   s - +0 ring mail
rPois   .          Reflect  .   (no helmet)
rElec   .          Harm     .   (no cloak)
rCorr   .          Rampage  .   (no gloves)
Will    .....                   t - +0 pair of boots
Stlth   +.........              (no amulet)
HPRegen 0.08/turn               g - ring of protection from fire
MPRegen 0.11/turn               (no ring)

@: no status effects
A: high MP 1, forlorn, divine attributes
a: no special abilities


You were on level 6 of the Dungeon.
You visited 1 branch of the dungeon, and saw 4 of its levels.

You collected 95 gold pieces.

Inventory:

Hand Weapons
 c - a +0 club
 d - a +0 dagger
 k - a +0 short sword
 m - a +0 short sword
 q - a +2 dagger of venom (weapon)
 u - a +0 dagger
 v - a +0 short sword
 y - a +0 whip
 z - a +0 short sword
 A - a +0 dagger
Missiles
 l - 48 stones
 n - 16 arrows
 o - 23 bolts
 w - 5 poisoned darts
Armour
 a - a +0 robe
 s - a +0 ring mail (worn)
 t - a +0 pair of boots (worn)
 x - a +0 robe
Jewellery
 g - a ring of protection from fire (left hand)
Wands
 i - a wand of paralysis (8)
Scrolls
 e - a scroll of amnesia {unknown}
 f - a scroll of immolation {unknown}
 h - 2 scrolls of teleportation {unknown}
 j - 2 scrolls of identify {unknown}
 p - a scroll of vulnerability {unknown}
Potions
 b - a potion of might {unknown}
 r - a potion of mutation {unknown}


   Skills:
 + Level 0.2 Fighting
 + Level 0.5 Short Blades
 + Level 2.0 Dodging
 + Level 1.9 Stealth
 + Level 2.2 Spellcasting
 + Level 4.4 Conjurations


You had 5 spell levels left.
You knew the following spells:

 Your Spells              Type           Power      Damage    Failure   Level
a - Magic Dart            Conj           76%        1d6       6%          1

Your spell library contained the following spells:

 Spells                   Type           Power      Damage    Failure   Level
 Searing Ray              Conj           38%        2d5       9%          2
 Dazzling Flash           Conj/Hex       22%        N/A       38%         3
 Fulminant Prism          Conj/Hex       5%         3d7       80%         4
 Iskenderun's Mystic Bla  Conj/Tloc      11%        2d4       80%         4


Dungeon Overview and Level Annotations

Branches:
Dungeon (3/15)


Innate Abilities, Weirdness & Mutations

You have an increased reservoir of magic. (+10% MP)
You shall have no god before yourself.
Your divine heritage dramatically boosts your attributes as you level up.


Message History

An endoplasm comes into view.
The endoplasm quivers.
You hit the endoplasm.
The endoplasm is heavily wounded.
The endoplasm freezes you.
You are frozen.
You hit the endoplasm but do no damage.
The endoplasm is heavily wounded.
The endoplasm closely misses you.
You hit the endoplasm.
You kill the endoplasm!
Found an escape hatch in the floor.
There is an escape hatch in the floor here.
A goblin comes into view. It is wielding a +0 dagger.
The goblin shouts!
The goblin hits you with a +0 dagger.
You hit the goblin.
The goblin is severely wounded.
The goblin hits you but does no damage.
You hit the goblin.
You kill the goblin!
You see here a +0 dagger.
You see here a +0 dagger.
A - a +0 dagger
Found a stone staircase leading down.
Found a stone staircase leading down.
A sourceless malevolence fills the Dungeon...
You fall into a shaft and drop 3 floors!
The shaft crumbles and collapses.
A hound, a death knight, an ufetubus, an orc warrior and a centaur zombie come into view.
The death knight is wielding a +2 battleaxe of freezing.
The hound barks!
The ufetubus shouts!
You hear a shout! x3
Found 13 stones.
Found a bloodstained scale mail, 2 sapphire potions and 18 gold pieces.
An adder comes into view.
The death knight hits you with a +2 battleaxe of freezing!!
Ouch! That really hurt!
* * * LOW HITPOINT WARNING * * *
The death knight freezes you.
You die...

#..... #$.....
## .. .......
.##.# #...#.
#.#.# ..#..
#...# S
#(..#...# #..
#...#..####
.#...#.@p#....#
...h.5.o...#
...#...#...#
#...#...#..#
[#...#.. #.#
#...#..Z ..#
...#...# .#.#
....... #..#
.#...#. .#


You could see a death knight, an orc warrior, a hound and an ufetubus.

Vanquished Creatures
  An orc wizard (D:3)
  2 worms
  2 orcs (D:3)
  6 ball pythons
  3 endoplasms
  A giant cockroach (D:2)
  3 goblins
  A hobgoblin (D:3)
  3 bats
  A frilled lizard (D:3)
  4 kobolds
  A rat (D:1)
28 creatures vanquished.

Notes
Turn   | Place    | Note
-------+----------+-------------------------------------------
     0 | D:1      | zeref the Demigod Conjurer began the quest for the Orb.
     0 | D:1      | Reached XP level 1. HP: 14/14 MP: 5/5
   416 | D:2      | Reached skill level 4 in Conjurations
   416 | D:2      | Reached XP level 2. HP: 7/20 MP: 0/7
  1210 | D:3      | Reached XP level 3. HP: 7/26 MP: 8/8
  1765 | D:3      | You fall into a shaft and drop 3 floors!
  1765 | D:6      | Noticed a death knight
  1765 | D:6      | Noticed an orc warrior
  1767 | D:6      | Slain by a death knight

Illustrated notes

Levels and vault maps discovered:
D:1:      elethiomel_arrival_infinity_welcomes_careful_drivers,
          layout_loops_corners, serial_shops, shop,
          dreamdust_ecumenical_altar_drowned_temple
D:2:      layout_rooms
D:3:      layout_basic, mainiacjoe_overflow_cross_hatched,
          nicolae_overflow_hidden_temple, grunt_ministairs_13
D:6:      cheibrodos_fzero, layout_layer_cave, temple_statues, uniq_sigmund

Skill      XL: |  1  2  3 |
---------------+----------+-----
Conjurations   | 4 |  4.4
Spellcasting   | 2 |  2.2
Dodging        | 2 |  2.0
Fighting       | |  0.2
Short Blades   | |  0.5
Stealth        | |  1.9

Action                   || total
-------------------------++-------
Melee: Dagger            ||    47
       Short sword       ||     7
 Cast: Magic Dart        ||    26
Armor: Robe              ||     7
       Ring mail         ||    16
Dodge: Dodged            ||    22
